 Dungeon Crawl Stone Soup version 0.31-a0-879-g1609e0ac53 (webtiles) character file.

Game seed: 7574154345946404724

1804877 MackTheKnife the Phalangite (level 25, 238/238 HPs)
             Began as a Green Draconian Fighter on Oct 13, 2023.
             Was a High Priest of Okawaru.
             Escaped with the Orb
             ... and 3 runes on Oct 14, 2023!
             The game lasted 01:39:48 (58415 turns).

MackTheKnife the Phalangite (DrFi)                 Turns: 58415, Time: 01:39:49

Health: 238/238    AC: 23    Str: 23    XL:     25   Next: 96%
Magic:  28/28      EV: 36    Int: 14    God:    Okawaru [*****.]
Gold:   4518       SH: 32    Dex: 23    Spells: 22/24 levels left

rFire   + + .        K - +9 demon trident (flame) {polearm}
rCold   + . .        J - +7 tower shield {rN+}
rNeg    + + +        (body armour unavailable)
rPois   +            k - +4 hat of Objectivity {Will+ Int+3}
rElec   +            O - scarf of Nucusuer {+Inv, Drain rF+++ Will+++ Slay-5}
rCorr   .            y - +2 pair of gloves {Str+3}
SInv    +            M - +3 pair of seven-league boots {Rampage+∞}
Will    ++++.        P - amulet "Enloubroame" {Drain rN+++ Will- Regen+ Slay+5}
Stlth   +            R - ring of Twilight {rElec Dex+6}
HPRegen 1.39/turn    Y - ring of Grontol {rC+ MP-9 EV+5 SInv}
MPRegen 0.21/turn

%: rampage+∞
@: maw-form, studying Ice Magic
A: devouring maw, breathe noxious fumes, AC +12, unfitting armour, stinger 1,
poison resistance, cold-blooded, clumsy 1, high MP 1, heat vulnerability 1
0: Orb of Zot
}: 3/15 runes: serpentine, barnacled, silver
a: Breathe Noxious Fumes, Begin Untransformation, Renounce Religion, Evoke
Invisibility, Heroism, Finesse, Duel


You escaped.
You worshipped Okawaru.
Okawaru was extremely pleased with you.
You were a creature with a mouth for a stomach.
You visited 10 branches of the dungeon, and saw 49 of its levels.
You visited 1 bazaar.
You also visited: Trove, Ossuary, Ice Cave and Wizlab.

You collected 7947 gold pieces.
You spent 3429 gold pieces at shops.


Innate Abilities, Weirdness & Mutations

You are a creature with a mouth for a stomach.
Your midsection houses a second, enormous mouth.
You can breathe blasts of noxious fumes.
Your lurid green scales are hard. (AC +12)
You cannot fit into any form of body armour.
Your tail ends in a venomous barb.
Your system is resistant to poisons. (rPois)
You are cold-blooded and may be slowed by cold attacks.
You are clumsy. (Dex -2)
You have an increased reservoir of magic. (+10% MP)
You are vulnerable to heat. (rF-)


   Skills:
 - Level 22.0 Fighting
 - Level 23.1 Polearms
 - Level 22.7 Dodging
 - Level 22.0 Shields
 - Level 6.0 Transmutations
 - Level 15.1 Invocations
 - Level 8.0 Evocations
 + Level 14.8 Shapeshifting


You had 22 spell levels left.
You knew the following spells:

 Your Spells              Type           Power      Damage    Failure   Level
a - Wereblood             Tmut           16%        N/A       5%          2

Your spell library contained the following spells:

 Spells                   Type           Power      Damage    Failure   Level
 Sting                    Tmut/Pois      32%        1d4       12%         1
 Passwall                 Tmut/Erth      6%         N/A       19%         2
 Apportation              Tloc           0%         N/A       38%         1
 Foxfire                  Conj/Fire      0%         2x1d4     38%         1
 Freeze                   Ice            0%         1d3       38%         1
 Kiss of Death            Conj/Necr      0%         2d5       38%         1
 Magic Dart               Conj           0%         1d3       38%         1
 Necrotise                Necr           0%         1d4       38%         1
 Sandblast                Erth           0%         2d4       38%         1
 Shock                    Conj/Air       0%         1d3       38%         1
 Slow                     Hex            0%         N/A       38%         1
 Ignite Poison            Fire/Tmut/Pois 5%         N/A       50%         3
 Blink                    Tloc           0%         N/A       54%         2
 Cigotuvi's Dreadful Rot  Necr/Pois/Air  0%         N/A       54%         2
 Ensorcelled Hibernation  Hex/Ice        0%         N/A       54%         2
 Jinxbite                 Hex            0%         N/A       54%         2
 Lesser Beckoning         Tloc           0%         N/A       54%         2
 Momentum Strike          Conj/Tloc      0%         3d8       54%         2
 Searing Ray              Conj           0%         2d4       54%         2
 Static Discharge         Conj/Air       0%         2-2/arc   54%         2
 Sublimation of Blood     Necr           0%         N/A       54%         2
 Confusing Touch          Hex            0%         N/A       77%         3
 Dazzling Flash           Conj/Hex       0%         N/A       77%         3
 Frozen Ramparts          Ice            0%         1d1       77%         3
 Gell's Gravitas          Tloc           0%         N/A       77%         3
 Hailstorm                Conj/Ice       0%         3d3       77%         3
 Inner Flame              Hex/Fire       0%         N/A       77%         3
 Mephitic Cloud           Conj/Pois/Air  0%         N/A       77%         3
 Ozocubu's Armour         Ice            0%         N/A       77%         3
 Sigil of Binding         Hex            0%         N/A       77%         3
 Stone Arrow              Conj/Erth      0%         3d7       77%         3
 Swiftness                Air            0%         N/A       77%         3
 Teleport Other           Tloc           0%         N/A       77%         3
 Vampiric Draining        Necr           0%         2d6       77%         3
 Volatile Blastmotes      Fire/Tloc      0%         2d10      77%         3
 Petrify                  Tmut/Erth      8%         N/A       77%         4
 Irradiate                Conj/Tmut      4%         3d13      98%         5
 Airstrike                Air            0%         2d(0-16)  99%         4
 Brom's Barrelling Bould  Conj/Erth      0%         2d3       99%         4
 Dimensional Bullseye     Hex/Tloc       0%         N/A       99%         4
 Dispel Undead            Necr           0%         3d6       99%         4
 Flame Wave               Conj/Fire      0%         2d4       99%         4
 Fulminant Prism          Conj/Hex       0%         3d5       99%         4
 Iskenderun's Mystic Bla  Conj/Tloc      0%         2d3       99%         4
 Leda's Liquefaction      Hex/Erth       0%         N/A       99%         4
 Manifold Assault         Tloc           0%         N/A       99%         4
 Olgreb's Toxic Radiance  Pois           0%         N/A       99%         4
 Sticky Flame             Conj/Fire      0%         2d3       99%         4
 Vhi's Electric Charge    Tloc/Air       0%         N/A       99%         4
 Arcjolt                  Conj/Air       0%         1d10      100%        5
 Fireball                 Conj/Fire      0%         3d3       100%        5
 Lee's Rapid Deconstruct  Erth           0%         3d4*      100%        5
 Metabolic Englaciation   Hex/Ice        0%         N/A       100%        5
 Silence                  Hex/Air        0%         N/A       100%        5
 Conjure Ball Lightning   Conj/Air       0%         3x3d6     100%        6
 Dispersal                Tloc           0%         N/A       100%        6
 Starburst                Conj/Fire      0%         6d3       100%        6
 Ozocubu's Refrigeration  Ice            0%         4d7       100%        7
 Discord                  Hex            0%         N/A       100%        8
 Disjunction              Tloc           0%         N/A       100%        8
 Lehudib's Crystal Spear  Conj/Erth      0%         10d2      100%        8
 Maxwell's Capacitive Co  Air            0%         ∞         100%        8
 Fire Storm               Conj/Fire      0%         5d1       100%        9
 Polar Vortex             Ice            0%         N/A       100%        9
 Summon Small Mammal      Summ           Unusable   N/A       N/A         1
 Call Canine Familiar     Summ           Unusable   N/A       N/A         3
 Summon Guardian Golem    Hex/Summ       Unusable   N/A       N/A         3
 Tukima's Dance           Hex            Unusable   N/A       N/A         3
 Animate Armour           Summ/Erth      Unusable   N/A       N/A         4
 Summon Ice Beast         Ice/Summ       Unusable   N/A       N/A         4
 Summon Lightning Spire   Summ/Air       Unusable   N/A       N/A         4
 Summon Forest            Summ/Tloc      Unusable   N/A       N/A         5
 Summon Mana Viper        Hex/Summ       Unusable   N/A       N/A         5
 Simulacrum               Ice/Necr       Unusable   N/A       N/A         6
 Summon Cactus Giant      Summ           Unusable   N/A       N/A         6
 Haunt                    Necr/Summ      Unusable   N/A       N/A         7
 Monstrous Menagerie      Summ           Unusable   N/A       N/A         7
 Summon Hydra             Summ           Unusable   N/A       N/A         7
 Dragon's Call            Summ           Unusable   N/A       N/A         9

Inventory:

Hand Weapons
 K - a +9 demon trident of flaming (weapon) {polearm}
   (Okawaru gifted it to you on level 2 of the Lair of Beasts)
 W - the +9 spear of Analysis {drain, rN+ Will+ Str+3 Dex-2, polearm}
   (You found it on level 5 of the Vaults)

   Str+3:     It affects your strength (+3).
   Dex-2:     It affects your dexterity (-2).
   rN+:       It protects you from negative energy.
   Will+:     It increases your willpower.
Armour
 k - the +4 hat of Objectivity (worn) {Will+ Int+3}
   (You found it in an ice cave)

   Int+3:     It affects your intelligence (+3).
   Will+:     It increases your willpower.
 y - a +2 pair of gloves of strength (worn)
   (You acquired it on level 4 of the Lair of Beasts)
 H - the +0 pair of boots of Wyilyxt {rElec rCorr Dex-2 SInv}
   (You found it on level 4 of the Vaults)

   Dex-2:     It affects your dexterity (-2).
   rElec:     It insulates you from electricity.
   SInv:      It lets you see invisible.
   rCorr:     It protects you from acid and corrosion.
 J - a +7 tower shield of positive energy (worn)
   (You took it off a naga warrior on level 4 of the Snake Pit)
 M - the +3 pair of seven-league boots (worn) {Rampage+∞}
   (You acquired it on level 2 of the Lair of Beasts)

   Rampage+∞: When moving toward enemies, its wearer moves as far as possible,
   alerting their target en route.
 O - the scarf of Nucusuer (worn) {+Inv, Drain rF+++ Will+++ Slay-5}
   (You found it on level 3 of the Depths)

   Slay-5:    It affects your accuracy & damage with ranged weapons and melee
   (-5).
   rF+++:     It renders you almost immune to fire.
   Will+++:   It greatly increases your willpower.
   Drain:     It drains your maximum health when unequipped.
 X - the +4 dragonskin cloak
   (You took it off Tiamat on level 2 of the Realm of Zot)

   Avatar's Aegis: It grants the wearer a chance to resist fire, cold, poison,
   electricity, acid, and negative energy.
Jewellery
 b - a +4 ring of protection
   (You took it off an ironbound convoker on level 5 of the Vaults)
 c - the ring of Mehiddi {rPois rF+ rN+}
   (You found it on level 1 of the Vaults)

   [ring of positive energy]

   rF+:       It protects you from fire.
   rPois:     It protects you from poison rN+: It protects you from negative
   energy.
 i - a ring of willpower
   (You found it on level 3 of the Dungeon)
 x - a ring of fire
   (You found it on level 5 of the Vaults)
 B - an amulet of reflection
   (You bought it in a shop on level 2 of the Orcish Mines)
 P - the amulet "Enloubroame" (around neck) {Drain rN+++ Will- Regen+ Slay+5}
   (You found it on level 1 of the Vaults)

   [amulet of regeneration]

   Slay+5:    It affects your accuracy & damage with ranged weapons and melee
   (+5).
   rN+++:     It renders you almost immune to negative energy.
   Will-:     It decreases your willpower.
   Regen+:    It increases your rate of health regeneration.
   Drain:     It drains your maximum health when unequipped.
 R - the ring of Twilight (left hand) {rElec Dex+6}
   (You found it on level 1 of the Shoals)

   [ring of dexterity]

   Dex+6:     It affects your dexterity (+6).
   rElec:     It insulates you from electricity.
 S - a ring of flight
   (You acquired it on level 14 of the Dungeon)
 Y - the ring of Grontol (right hand) {rC+ MP-9 EV+5 SInv}
   (You took it off a deep elf master archer on level 3 of the Elven Halls)

   [ring of evasion]

   EV+5:      It affects your evasion (+5).
   rC+:       It protects you from cold.
   MP-9:      It affects your magic capacity (-9).
   SInv:      It lets you see invisible.
Talismans
 s - a maw talisman (active)
   (You bought it in a shop on level 3 of the Depths)
Wands
 m - a wand of flame (51)
   (You found it on level 2 of the Dungeon)
 u - a wand of mindburst (33)
   (You found it on level 3 of the Dungeon)
 E - a wand of digging (11)
   (You found it on level 7 of the Dungeon)
 F - a wand of polymorph (9)
   (You found it on level 4 of the Lair of Beasts)
 G - a wand of iceblast (31)
   (You took it off Harold on level 9 of the Dungeon)
 U - a wand of acid (12)
   (You found it on level 1 of the Snake Pit)
Scrolls
 a - 15 scrolls of teleportation {@r4}
 d - 7 scrolls of immolation {!r!r}
 e - 5 scrolls of fear
 g - 7 scrolls of enchant weapon
 h - 5 scrolls of revelation
 q - 7 scrolls of vulnerability {!r!r}
 C - 4 scrolls of poison
 I - 5 scrolls of fog
 L - 2 scrolls of silence {!r}
 N - 2 scrolls of blinking {!r}
 T - 2 scrolls of brand weapon
Potions
 f - 5 potions of magic
 j - 8 potions of mutation {!q}
 l - 8 potions of enlightenment
 p - 4 potions of ambrosia
 r - 12 potions of heal wounds {@q2}
 v - 22 potions of curing {@q1}
 w - 8 potions of might
 z - 4 potions of berserk rage {!q}
 A - 4 potions of invisibility
 D - a potion of resistance
 Q - 4 potions of haste {@q3}
 V - 3 potions of cancellation
Miscellaneous
 n - a condenser vane (inert)
   (You found it on level 4 of the Shoals)
 o - a phantom mirror
   (You found it on level 11 of the Dungeon)
 t - a lightning rod (4/4)
   (You found it on level 1 of the Vaults)
 Z - a phial of floods
   (You found it on level 4 of the Shoals)

Dungeon Overview and Level Annotations

Branches:
Dungeon (15/15)            Temple (0/1) D:6            Lair (5/5) D:8
 Shoals (4/4) Lair:2        Snake (4/4) Lair:3        Slime (0/5) Lair:5
    Orc (2/2) D:10            Elf (3/3) Orc:2        Vaults (5/5) D:13
  Crypt (2/3) Vaults:2     Depths (4/4) D:15            Zot (5/5) Depths:4
Ossuary (visited)           IceCv (visited)          WizLab (visited)

Altars:
Ashenzari
Cheibriados
Dithmenos
Elyvilon
Gozag
Hepliaklqana
Kikubaaqudgha
Makhleb
Okawaru
Qazlal
Ru
Sif Muna
Vehumet
Wu Jian
Yredelemnul
The Shining One
Jiyva

Shops:
D:10 [(   D:14 *   Orc:1 [   Orc:2 =[[[   Elf:2 *:[*[:   Snake:1 :   Snake:2 ([
Snake:4 :[   Vaults:1 *[   Vaults:2 (   Vaults:5 ?   Depths:3 *   Depths:4 [(=*

Portals:
Hell: Depths:1 Depths:2 Depths:3 Depths:4
Abyss: Depths:1 Depths:4
Pandemonium: Depths:2
Ziggurat: Depths:3

Annotations:
Crypt:2 Vv
Depths:4 1 transporter
Zot:4 3 runed doors
Zot:5 exclusion: 2 upstairs

##..#.~###### #.
###.~~~~~.#≈~≈###.
#.P##~~PP..##~.##.
#.PP..~..~....P##.
#..[...P..........
#.P~.P......P.~.~.
#~...P.P..~.....P.
#..G...P..≈PP.....
#W~PG..P..~.......
#.....P.~........#
#.P.PG.P.~~...~~.#
#~P~P....~...~..##
#~≈~~P........###
#.~..~....#####
#.P...#..##
##########


You could see 3 golden eyes.


Message History

Unknown command.
You hit the Brimstone Fiend. You bite the Brimstone Fiend!
You kill the Brimstone Fiend!
Okawaru accepts your kill. 😨 HP[+1] 😨 HP[+2]
You regained 2 hp, and now have 104/238 hp. 😨 HP[+1] 😨 HP[+1] 😨 HP[+2]
You regained 2 hp, and now have 108/238 hp.
You open the door. 😨 HP[+1]
There is an open door here. 😨 HP[+2]
You regained 2 hp, and now have 111/238 hp.
You feel much better. 😮 HP[+30]
You regained 30 hp, and now have 141/238 hp.
You feel much better. 😮 HP[+28]
You regained 28 hp, and now have 169/238 hp.
You feel much better. 😕 HP[+32]
You regained 32 hp, and now have 201/238 hp.
You feel much better. 😕 HP[+21]
You regained 21 hp, and now have 222/238 hp.
Okay, then. 😕 HP[+2]
You regained 2 hp, and now have 224/238 hp. 😕 HP[+1]
There is a stone staircase leading up here. 😕 HP[+1]
You climb upwards.
There is a stone staircase leading down here. 😕 HP[+4]
You regained 4 hp, and now have 230/238 hp.
What level of the Dungeon? (default 1, ? - help)
Things that are here:
a +0 ring mail; a +0 short sword {short}
There is a stone staircase leading up here.
You climb upwards.
There is a stone staircase leading down here.
There is a stone staircase leading up here.
You climb upwards.
There is a stone staircase leading down here.
There is a stone staircase leading up here.
You climb upwards.
There is a stone staircase leading down here.
A rust devil comes into view. 😎 HP[+8]
Your hp is fully restored (238).
You puncture the rust devil! You tail-slap the rust devil.
You bite the rust devil. You puncture the rust devil!
Your tail-slap misses the rust devil.
Your bite misses the rust devil. You block the rust devil's attack.
You impale the rust devil!!
You kill the rust devil!
Okawaru accepts your kill.
No target in view!
No target in view!
No target in view!
No target in view!
No target in view!
No target in view!
No target in view!
No target in view!
What level of the Dungeon? (default 1, ? - help)
Okay, then.
A shadow demon comes into view.
Unknown command.
You stride towards the shadow demon!
You impale the shadow demon!! You burn the shadow demon.
You bite the shadow demon!! You completely miss the shadow demon.
You bite the shadow demon! You block the shadow demon's attack.
You impale the shadow demon!! You burn the shadow demon.
You kill the shadow demon!
Okawaru accepts your kill.
No target in view!
No target in view!
No target in view!
No target in view!
No target in view!
No target in view!
No target in view!
Okay, then.
There is an escape hatch in the ceiling here.
A mysterious force pulls you upwards. The hatch slams shut behind you.
Okay, then. 3 golden eyes come into view.
The golden eye turns its gaze towards you. x2
There is a staircase leading out of the dungeon here.
The golden eye blinks at something.
You resist with almost no effort. The golden eye blinks at you.
You resist with almost no effort. The golden eye blinks at you.
You resist with almost no effort.
You have escaped!

Skill      XL: |  1  2  3  4  5  6  7  8  9 10 11 12 13 14 15 16 17 18 19 20 21 22 23 24 25 |
---------------+----------------------------------------------------------------------------+-----
Polearms       | 3 4 5 6 7 9 11 13 14 17 22 23 | 23.1
Fighting       | 6 11 12 14 16 18 20 21 22 | 22.0
Dodging        | 8 11 12 13 14 15 16 17 20 22 | 22.7
Shields        | 7 11 12 14 15 16 19 22 | 22.0
Invocations    | 6 10 14 15 | 15.1
Transmutations | 6 |  6.0
Evocations     | 2 8 |  8.0
Shapeshifting  | 4 10 14 | 14.8

Action                     |  1- 3 |  4- 6 |  7- 9 | 10-12 | 13-15 | 16-18 | 19-21 | 22-24 | 25-27 || total
---------------------------+-------+-------+-------+-------+-------+-------+-------+-------+-------++-------
  Melee: Trident           |   105 |    98 |       |       |       |       |       |       |       ||   203
         Tailslap          |     2 |    12 |    42 |    91 |   190 |   244 |   430 |   562 |   123 ||  1696
         Spear             |       |    31 |   316 |   406 |       |       |       |       |       ||   753
         Demon trident     |       |       |       |   223 |  1450 |  1810 |  2048 |  2456 |   530 ||  8517
         Peck              |       |       |       |       |       |       |   156 |   766 |    20 ||   942
         Maw               |       |       |       |       |       |       |       |   410 |   193 ||   603
  Throw: Dart              |       |     3 |       |       |       |       |       |       |       ||     3
   Cast: Wereblood         |       |       |       |       |     1 |    37 |    40 |    34 |     5 ||   117
 Invoke: Heroism           |       |       |       |     5 |    22 |    18 |    29 |    20 |     5 ||    99
         Receive Weapon    |       |       |       |     1 |       |       |       |       |       ||     1
         Receive Armour    |       |       |       |     1 |       |       |       |       |       ||     1
         Finesse           |       |       |       |       |    12 |    10 |     5 |     8 |     3 ||    38
Ability: Breathe Noxious F |       |       |    17 |    26 |    12 |       |       |     1 |       ||    56
         Evoke Blink       |       |       |       |       |       |     3 |       |       |       ||     3
  Evoke: Wand              |       |     8 |       |     1 |     3 |     1 |     7 |       |     1 ||    21
         Condenser vane    |       |       |       |       |       |       |     2 |     1 |     1 ||     4
         Lightning rod     |       |       |       |       |       |       |     4 |       |       ||     4
    Use: Potion            |     1 |     1 |       |     1 |       |     2 |     2 |       |    10 ||    17
         Scroll            |       |     9 |     3 |    17 |    12 |     7 |    11 |    11 |     2 ||    72
   Stab: Sleeping          |     2 |     4 |     6 |       |     9 |     3 |       |     7 |     1 ||    32
         Distracted        |     1 |     1 |       |       |       |     3 |       |     2 |       ||     7
         Confused          |       |       |    17 |    35 |    18 |       |     2 |     2 |       ||    74
         Paralysed         |       |       |       |       |     3 |       |       |       |       ||     3
         Petrified         |       |       |       |       |     2 |       |       |       |       ||     2
         Invisible         |       |       |       |       |       |       |    32 |    11 |    30 ||    73
 Armour: Skin              |    32 |    80 |   103 |   249 |   318 |   390 |   423 |   247 |    69 ||  1911
  Dodge: Dodged            |    37 |    57 |    96 |   242 |   522 |   718 |  1070 |   662 |   131 ||  3535
  Block: Buckler           |    20 |    34 |    40 |    80 |       |       |       |       |       ||   174
         Kite shield       |       |       |       |    25 |   601 |   801 |   843 |       |       ||  2270
         Tower shield      |       |       |       |       |       |    10 |    92 |  1628 |   289 ||  2019
         Reflection        |       |       |       |       |       |       |     5 |    15 |       ||    20
   Form: Maw               |       |       |       |       |       |       |       |     1 |       ||     1

Levels and vault maps discovered:
D:1:      lemuel_arrival_muddy, layout_basic, amcnicky_mini_corridor_feature,
          eino_curves_02
D:2:      layout_basic, basic_altar, uniq_natasha
D:3:      layout_loops_cross, lemuel_round_altar, nicolae_overflow_hidden_temple
D:4:      layout_loops_cross, mainiacjoe_overflow_surrounded_room
D:5:      cheibrodos_helix_gallery, layout_rooms, nzn_wu_jian_council_hall,
          mainiacjoe_overflow_paths, minmay_door_square, moated_statue
D:6:      layout_loops_corners, minmay_temple_entry_tees
D:7:      layout_loops_corners, elyvilon_altar_4, jmf_multi_god_temple2,
          mainiacjoe_ossuary_entry_find_the_door, minmay_lizard_king,
          uniq_prince_ribbit1
D:8:      layout_loops_cross, lair_entry_dummy, nicolae_eternal_life,
          uniq_joseph
D:9:      layout_loops_cross, mainiacjoe_overflow_concentric_impassable,
          uniq_harold
D:10:     layout_roguey, mainiacjoe_overflow_small_starburst,
          mainiacjoe_overflow_cross_hatched, jmf_multi_god_temple, orc_david_3
D:11:     layout_big_octagon, nicolae_trove_entry_diagonal
D:12:     layout_stronghold, minivault_1, uniq_psyche, uniq_jorgrun, uniq_azrael
D:13:     layout_basic, lightli_vaults_fourway_checkpoint,
          nicolae_gozag_cash_rules_everything_around_me
D:14:     layout_long_grid, minmay_parallelograms, nicolae_good_shop
D:15:     gammafunk_depths_entry_grave, layout_grid_maze,
          nicolae_dithmenos_shadow_blocks, nicolae_ru_great_annihilating_truth,
          uniq_agnes
Lair:1:   layout_regular_city, hellmonk_ghost_happy_afterlife,
          nicolae_lair_lil_pond, minivault_23
Lair:2:   dreamdust_labyrinth, layout_layer_cave, minmay_shoals_entry_centaurs,
          hangedman_lair_unloving_vines, chequers_serial_rivers_micro_d,
          minivault_27
Lair:3:   layout_regular_city, minmay_snake_entry_six_corridors
Lair:4:   layout_cave_pods, beast_lair_carwin_2
Lair:5:   hangedman_lair_caniforms_friends, layout_cave_pods, wormcave,
          nicolae_slime_entry_field_trip
Shoals:1: layout_shoals, ebering_ghost_davey_jones, uniq_louise
Shoals:2: layout_shoals, portal_ice_cave_entry_dragon
Shoals:3: layout_shoals, uniq_ilsuiw
Shoals:4: shoals_end_grunt_ice, layout_shoals, shoal_ilsuiw
Snake:1:  layout_cave_shapes, nicolae_custom_books
Snake:2:  layout_onion, serial_shops, shop, nicolae_shop_firing_range,
          uniq_vashnia, uniq_frances
Snake:3:  hangedman_cross_veins, layout_basic
Snake:4:  grunt_snake_rune_pools, layout_gridlike, serial_shops, shop,
          st_stairs_1, nicolae_letterblocks [nicolae_letter_subblock,
          nicolae_letter_subblock, nicolae_letter_subblock,
          nicolae_letter_subblock, nicolae_letter_subblock,
          nicolae_letter_subblock, nicolae_letter_subblock,
          nicolae_letter_subblock, nicolae_letter_subblock,
          nicolae_letter_subblock, nicolae_letter_subblock,
          nicolae_letter_subblock, nicolae_letter_subblock,
          nicolae_letter_subblock, nicolae_letter_subblock,
          nicolae_letter_subblock, nicolae_letter_subblock,
          nicolae_letter_subblock, nicolae_letter_subblock,
          nicolae_letter_subblock, nicolae_letter_subblock,
          nicolae_letter_subblock, nicolae_letter_subblock,
          nicolae_letter_subblock, nicolae_letter_subblock], grunt_megastairs_5,
          minmay_shop_star
Orc:1:    layout_caves, serial_shops, nicolae_shop_gibbet_a_chance
Orc:2:    st_orc_pillars, layout_caves
Elf:1:    eino_elf_arrival_the_gate, layout_gridlike, hangedman_elf_disciples,
          hangedman_decor_cross_pass, uniq_asterion
Elf:2:    nicolae_elf_blades_splatter_lattice
          [nicolae_blade_entry_hurt_lockers], layout_geoelf_octagon,
          serial_shops, shop, nicolae_stop_n_shop_1, shop, shop_fountains, shop,
          minivault_25, minmay_misc_feat_ornament, nicolae_shop_vocational,
          uniq_zenata
Elf:3:    elf_hall_gauntlet_narrow, layout_geoelf_diagonals
Vaults:1: infiniplex_enter_wizlab_spiral, nicolae_vaults_offset_grid_hallway_2,
          nicolae_vaults_closet_pinwheel_2, gammafunk_dig_for_victory,
          nicolae_vaults_tetromino_T_2, v_alt_pattern_6, v_misc_23,
          nicolae_vaults_more_shelving_2, v_misc_30, vaults_dpeg_ring,
          ontoclasm_vaults_loading_screen, layout_vaults_omnicross,
          serial_shops, bzr_entry_water, nicolae_shop_tiny_statue_garden, shop
Vaults:2: nicolae_vaults_tetromino_T_2, minmay_crypt_entry_simple_round,
          dpeg_vaults_monster_box, hangedman_vaults_pinch,
          ontoclasm_vaults_spin, grunt_vaults_hallway_short,
          hangedman_vaults_stretched_pinwheel,
          nicolae_vaults_offset_grid_hallway_4, nicolae_vaults_diamond_2,
          layout_vaults_quadrants, serial_shops,
          nicolae_shop_bloodbath_and_beyond
Vaults:3: ontoclasm_vaults_twist, ontoclasm_vaults_hangar, not_door_vault_due,
          nicolae_vaults_six-pack, nicolae_vaults_disjoint_gnomons,
          vaults_room_octagon, hangedman_vaults_capsules, v_pattern_3,
          nicolae_vaults_trapezoid_3, ontoclasm_vaults_gateway,
          nicolae_vaults_asterisk, grunt_vaults_diagonal,
          nicolae_vaults_sesquioval_fish, layout_vaults_maze, uniq_frederick
Vaults:4: gammafunk_ghost_tricky_traps, nicolae_vaults_little_ls,
          ontoclasm_vaults_pinch, nicolae_vaults_trapezoid_4, v_misc_26,
          v_pattern_2, nicolae_vaults_tetromino_Z_2, nicolae_vaults_alarming,
          vaults_room_grunt_arrival_ludios, layout_vaults_chaotic_city,
          uniq_norris
Vaults:5
Crypt:1:  layout_misc_corridors, minmay_misc_feat_pillars, st_stairs_11
Crypt:2:  layout_regular_city, uniq_vv
Depths:1: layout_basic, abyss_entry, hell_entry, minmay_misc_feat_enclosed,
          minmay_orc_keep, uniq_saint_roka
Depths:2: grunt_deathspiral_large, layout_cave_pools, lightli_too_deep,
          pan_entry
Depths:3: minmay_the_grid_triangle_9x9_recursive_3
          [minmay_the_grid_triangle_9x9_cache,
          minmay_the_grid_triangle_9x9_corruption,
          minmay_the_grid_triangle_9x9_descending_squares,
          minmay_the_grid_triangle_9x9_prize_schism,
          minmay_the_grid_triangle_9x9_windchime,
          minmay_the_grid_triangle_9x9_thin_v,
          minmay_the_grid_triangle_9x9_odd_lines,
          minmay_the_grid_triangle_9x9_tough_junction,
          minmay_the_grid_triangle_9x9_sparse_checkered], layout_cave_shapes,
          enter_ziggurat_f, hell_entry, serial_sigils_hangedman_gnaw,
          marbit_kobold_abyss_entry, nicolae_transmutations_shop,
          ashenzari_altar_1
Depths:4: grunt_zot_entry_pinwheel, layout_basic, hell_entry,
          minmay_misc_feat_encased, abyss_entry_small_statue_room,
          nicolae_diode_basic, serial_bayou_shore_b, minmay_shoptagon,
          uniq_jory, uniq_mennas, uniq_boris
Zot:1:    layout_basic, gammafunk_ghost_crypt, grunt_megastairs_3
Zot:2:    layout_twisted_circle, kennysheep_underground_church,
          grunt_megastairs_2, uniq_tiamat, uniq_grunn
Zot:3:    layout_gridville, st_stairs_12, guppyfry_library_mini,
          grunt_megastairs_4
Zot:4:    layout_onion_interference, gammafunk_ghost_door_vault,
          grunt_ministairs_13, bh_zot_ikea_curve, hellmonk_greenhouse_of_terror
Zot:5:    layout_basic

Notes
Turn   | Place    | Note
-------+----------+-------------------------------------------
     0 | D:1      | MackTheKnife the Draconian Fighter began the quest for the
                  | Orb.
     0 | D:1      | Reached XP level 1. HP: 19/19 MP: 1/1
     0 | D:1      | magus.rc [v1.9.6]
   177 | D:1      | Reached XP level 2. HP: 22/26 MP: 2/2
   218 | D:1      | You pick up a book of Spatial Translocations and begin
                  | reading...
   218 | D:1      | You add the spells Blink, Momentum Strike and Lesser
                  | Beckoning to your library.
   298 | D:1      | Reached skill level 3 in Polearms
   441 | D:1      | You pick up a book of Debilitation and begin reading...
   441 | D:1      | You add the spells Slow, Sigil of Binding, Vampiric
                  | Draining and Confusing Touch to your library.
   491 | D:1      | You pick up a book of Geomancy and begin reading...
   491 | D:1      | You add the spells Sandblast, Passwall, Stone Arrow and
                  | Brom's Barrelling Boulder to your library.
   885 | D:2      | Reached XP level 3. HP: 31/31 MP: 3/3
  1307 | D:2      | Reached skill level 4 in Polearms
  1308 | D:2      | Noticed Natasha
  1309 | D:2      | Found an iron altar of Okawaru.
  1315 | D:2      | Killed Natasha
  1316 | D:2      | Reached XP level 4. HP: 25/38 MP: 4/4
  1355 | D:2      | Noticed Natasha
  1356 | D:2      | Killed Natasha
  1366 | D:2      | Became a worshipper of Warmaster Okawaru
  1529 | D:3      | Reached skill level 5 in Polearms
  1915 | D:3      | Found an opulent altar of Gozag.
  2247 | D:3      | Found a sacrificial altar of Ru.
  2331 | D:4      | Noticed an ogre
  2337 | D:4      | Killed an ogre
  2338 | D:4      | Reached XP level 5. HP: 45/45 MP: 5/5
  2355 | D:4      | Reached skill level 6 in Polearms
  2453 | D:4      | You pick up a book of Cantrips and begin reading...
  2453 | D:4      | You add the spells Necrotise and Apportation to your
                  | library.
  2483 | D:4      | Reached XP level 6. HP: 32/51 MP: 6/6
  2641 | D:4      | Reached * piety under Okawaru
  2690 | D:4      | Found a glowing golden altar of the Shining One.
  3113 | D:5      | Entered Level 5 of the Dungeon
  3157 | D:5      | Reached skill level 7 in Polearms
  3329 | D:5      | Your scales start taking on a lurid green colour.
  3329 | D:5      | Reached XP level 7. HP: 44/57 MP: 7/7
  3329 | D:5      | Gained mutation: Your system is resistant to poisons.
                  | (rPois) [Green Draconian growth]
  3334 | D:5      | Reached skill level 8 in Polearms
  3354 | D:5      | Reached ** piety under Okawaru
  3502 | D:5      | Found a radiant altar of Vehumet.
  3752 | D:5      | Found an ornate altar of the Wu Jian Council.
  4044 | D:6      | Reached skill level 9 in Polearms
  4055 | D:6      | Found a staircase to the Ecumenical Temple.
  4455 | D:6      | Reached XP level 8. HP: 57/63 MP: 8/8
  4883 | D:7      | Found a large runed translucent door.
  4883 | D:7      | Found a large runed translucent door.
  4897 | D:7      | Noticed Prince Ribbit
  4902 | D:7      | Killed Prince Ribbit
  4902 | D:7      | Reached *** piety under Okawaru
  4903 | D:7      | Reached skill level 10 in Polearms
  4967 | D:7      | Reached skill level 11 in Polearms
  5084 | D:7      | Noticed a komodo dragon
  5103 | D:7      | Killed a komodo dragon
  5103 | D:7      | Reached **** piety under Okawaru
  5122 | D:7      | Reached XP level 9. HP: 44/70 MP: 9/9
  5205 | D:7      | Noticed a kobold demonologist
  5210 | D:7      | Reached skill level 12 in Polearms
  5216 | D:7      | Killed a kobold demonologist
  5291 | D:7      | Found a sand-covered staircase.
  5308 | Ossuary  | Entered an ossuary
  5932 | D:7      | Found a white marble altar of Elyvilon.
  5937 | D:7      | Reached skill level 4 in Fighting
  6053 | D:7      | Found a basalt altar of Yredelemnul.
  6060 | D:7      | Reached ***** piety under Okawaru
  6064 | D:7      | Found a burning altar of Makhleb.
  6193 | D:8      | Reached skill level 13 in Polearms
  6395 | D:8      | Reached skill level 5 in Fighting
  6444 | D:8      | Noticed Joseph
  6463 | D:8      | Killed Joseph
  6464 | D:8      | Reached skill level 6 in Fighting
  6573 | D:8      | Found a staircase to the Lair.
  6912 | D:9      | Reached XP level 10. HP: 83/83 MP: 10/10
  6945 | D:9      | Noticed Harold
  6964 | D:9      | Killed Harold
  6964 | D:9      | Received a gift from Okawaru
  6965 | D:9      | Reached skill level 7 in Fighting
  7050 | D:9      | Found a hazy altar of Hepliaklqana.
  7062 | D:9      | Reached skill level 14 in Polearms
  7123 | D:9      | Reached skill level 8 in Fighting
  7139 | D:9      | Reached skill level 9 in Fighting
  7253 | D:9      | You fall into a shaft and drop 3 floors!
  7265 | D:12     | Noticed a gargoyle
  7281 | D:11     | Killed a gargoyle
  7352 | D:10     | Entered Level 10 of the Dungeon
  7353 | D:10     | Found an ancient bone altar of Kikubaaqudgha.
  7418 | D:10     | Found a stormy altar of Qazlal.
  7418 | D:10     | Found a snail-covered altar of Cheibriados.
  7420 | D:10     | Noticed a two-headed ogre
  7469 | D:10     | Killed a two-headed ogre
  7470 | D:10     | Reached skill level 10 in Fighting
  7470 | D:10     | Received a gift from Okawaru
  7533 | D:10     | Found a shimmering blue altar of Sif Muna.
  7713 | D:10     | Noticed an orc knight
  7714 | D:10     | Found Soydoch's Armour Emporium.
  7714 | D:10     | Noticed an orc knight
  7715 | D:10     | Found a staircase to the Orcish Mines.
  7716 | D:10     | Noticed a two-headed ogre
  7737 | D:9      | Reached skill level 11 in Fighting
  7899 | D:9      | Reached XP level 11. HP: 45/101 MP: 8/11
  8353 | D:10     | You pick up a book of the Wilderness and begin reading...
  8432 | D:10     | Found Noatefafost's Weapon Emporium.
  8474 | D:10     | Killed a two-headed ogre
  8819 | D:10     | Reached skill level 12 in Fighting
  8907 | Lair:1   | Entered Level 1 of the Lair of Beasts
  9030 | Lair:1   | Received a gift from Okawaru
  9047 | Lair:1   | Identified the ring of Urcheg {Str+2 Int+6 Dex+4}
  9088 | Lair:1   | Reached skill level 3 in Dodging
  9218 | Lair:1   | Reached skill level 4 in Dodging
  9256 | Lair:1   | Noticed Miraos's ghost (journeyman TeHu)
  9259 | Lair:1   | Found a runed translucent door.
  9292 | Lair:1   | Reached skill level 5 in Dodging
  9409 | Lair:1   | Reached skill level 6 in Dodging
  9862 | Lair:2   | Received a gift from Okawaru
  9873 | Lair:2   | Reached skill level 7 in Dodging
  9916 | Lair:2   | Found a staircase to the Shoals.
  9958 | Lair:2   | Reached ****** piety under Okawaru
  9971 | Lair:2   | Acquired a +6 demon trident of venom
  9971 | Lair:2   | Received a gift from Okawaru
  9975 | Lair:2   | Acquired the +5 hat "Nalusij" {-Cast Rampage rPois Will+}
  9975 | Lair:2   | Received a gift from Okawaru
 10252 | Lair:2   | Identified 3 scrolls of acquirement
 10252 | Lair:2   | Acquired the +3 pair of seven-league boots {Rampage+∞}
 10252 | Lair:2   | Found the +3 pair of seven-league boots {Rampage+∞}
 10259 | Lair:2   | Acquired 738 gold pieces
 10261 | Lair:2   | Acquired a manual of Dodging
 10274 | Lair:2   | Reached skill level 8 in Dodging
 10284 | Lair:2   | Reached XP level 12. HP: 106/113 MP: 12/12
 10316 | Lair:2   | Reached skill level 4 in Shields
 10703 | Lair:2   | Reached skill level 9 in Dodging
 10719 | Lair:2   | Reached skill level 1 in Invocations
 10841 | Lair:2   | Found a runed translucent door.
 11335 | Lair:2   | Noticed a minotaur
 11353 | Lair:2   | Killed a minotaur
 11354 | Lair:2   | Reached skill level 2 in Invocations
 11355 | Lair:2   | Identified the +1 dagger "Saxyesaj" {pain, Int+2}
 11505 | Lair:3   | Reached skill level 5 in Shields
 11526 | Lair:3   | Reached skill level 3 in Invocations
 11534 | Lair:3   | Reached skill level 10 in Dodging
 11539 | Lair:3   | Received a gift from Okawaru
 11570 | Lair:3   | Reached skill level 4 in Invocations
 11664 | Lair:3   | Reached skill level 6 in Shields
 11832 | Lair:3   | Found a staircase to the Snake Pit.
 11852 | Lair:3   | Reached skill level 5 in Invocations
 11897 | Lair:3   | Reached skill level 11 in Dodging
 12024 | Lair:3   | Received a gift from Okawaru
 12448 | Lair:4   | You add the spells Olgreb's Toxic Radiance, Manifold
                  | Assault and Dispersal to your library.
 12448 | Lair:4   | Got a blackened book
 12467 | Lair:4   | Reached skill level 7 in Shields
 12705 | Lair:4   | Reached skill level 6 in Invocations
 12715 | Lair:4   | Reached XP level 13. HP: 106/119 MP: 17/17
 13063 | Lair:4   | Acquired a manual of Invocations
 13065 | Lair:4   | Acquired a +2 pair of gloves of strength
 13372 | Lair:5   | Entered Level 5 of the Lair of Beasts
 13388 | Lair:5   | Received a gift from Okawaru
 13487 | Lair:5   | Reached skill level 12 in Dodging
 13491 | Lair:5   | Reached skill level 7 in Invocations
 13506 | Lair:5   | Reached skill level 8 in Shields
 13506 | Lair:5   | Reached skill level 8 in Invocations
 13525 | Lair:5   | Received a gift from Okawaru
 13533 | Lair:5   | Reached skill level 9 in Shields
 13683 | Lair:5   | Reached skill level 10 in Shields
 14034 | Lair:5   | Found a staircase to the Slime Pits.
 14048 | Lair:5   | Received a gift from Okawaru
 14140 | Lair:5   | Found a viscous altar of Jiyva.
 14157 | Lair:5   | Reached skill level 9 in Invocations
 14208 | Lair:5   | Reached skill level 11 in Shields
 14248 | Lair:5   | Reached skill level 10 in Invocations
 14326 | Lair:5   | You pick up a book of Conjurations {@e2} and begin
                  | reading...
 14326 | Lair:5   | You add the spells Magic Dart, Searing Ray and Fulminant
                  | Prism to your library.
 14359 | Lair:5   | Gained mutation: Your tail ends in a venomous barb. [Green
                  | Draconian growth]
 14359 | Lair:5   | Reached XP level 14. HP: 127/127 MP: 19/22
 14361 | Lair:5   | Reached skill level 11 in Invocations
 14744 | Lair:5   | Found a runed translucent door.
 14780 | Lair:5   | Received a gift from Okawaru
 14877 | Lair:5   | Reached skill level 12 in Shields
 14879 | Lair:5   | Reached skill level 12 in Invocations
 14948 | Lair:5   | Paralysed by a hornet for 2 turns
 15227 | Orc:1    | Entered Level 1 of the Orcish Mines
 15454 | Orc:2    | Entered Level 2 of the Orcish Mines
 15613 | Orc:2    | Reached skill level 13 in Invocations
 15749 | Orc:2    | Found a staircase to the Elven Halls.
 15936 | Orc:2    | Reached skill level 13 in Dodging
 16012 | Orc:2    | Received a gift from Okawaru
 16454 | Orc:1    | Found Dycafohu's Armour Emporium.
 16588 | Orc:1    | Noticed an orc warlord
 16661 | Orc:2    | Killed an orc warlord
 16662 | Orc:2    | Reached skill level 14 in Invocations
 17041 | Orc:2    | Reached skill level 13 in Fighting
 17094 | Orc:2    | Found Caloulan's Jewellery Shop.
 17094 | Orc:2    | Found Somm's Armour Shop.
 17095 | Orc:2    | Found Voerets's Armour Boutique.
 17095 | Orc:2    | Found Nanymel's Antique Armour Shop.
 17133 | Orc:2    | Bought the +2 hat "Vydon" {+Blink rElec rPois rC+} for 600
                  | gold pieces
 17147 | Orc:2    | Bought a +6 ring of dexterity for 576 gold pieces
 17278 | D:11     | Received a gift from Okawaru
 17323 | D:11     | Reached skill level 14 in Fighting
 17412 | D:11     | You add the spells Gell's Gravitas and Teleport Other to
                  | your library.
 17520 | D:11     | Found a portal to a secret trove of treasure.
 17810 | Lair:1   | Killed Miraos's ghost
 18064 | D:12     | Noticed Azrael
 18102 | D:12     | Killed Azrael
 18147 | D:12     | You pick up a book of Blood and begin reading...
 18147 | D:12     | You add the spells Sublimation of Blood and Wereblood to
                  | your library.
 18563 | D:12     | Noticed Psyche
 18566 | D:12     | Killed Psyche
 18672 | D:12     | Reached XP level 15. HP: 139/139 MP: 25/25
 18871 | D:12     | Noticed Jorgrun
 18896 | D:12     | Killed Jorgrun
 18897 | D:12     | Reached skill level 15 in Fighting
 19518 | D:13     | Found a gate to the Vaults.
 19530 | D:13     | Reached skill level 14 in Dodging
 19537 | D:13     | Received a gift from Okawaru
 19643 | D:13     | You add the spells Vhi's Electric Charge, Arcjolt and
                  | Maxwell's Capacitive Coupling to your library.
 19973 | D:13     | You pick up a book of Cantrips and begin reading...
 20034 | D:13     | Found an opulent altar of Gozag.
 20167 | D:14     | Reached skill level 16 in Fighting
 20283 | D:14     | Acquired a ring of flight
 20552 | D:14     | You pick up a book of the Wilderness and begin reading...
 20579 | D:14     | Found Veawiw's Hallowed Reliquary.
 20589 | D:14     | Bought a potion of heal wounds for 65 gold pieces
 20589 | D:14     | Bought a potion of heal wounds for 65 gold pieces
 20863 | D:15     | Entered Level 15 of the Dungeon
 20878 | D:15     | Found a staircase to the Depths.
 20904 | D:15     | Reached skill level 13 in Shields
 21248 | D:15     | Found a shadowy altar of Dithmenos.
 21278 | D:15     | You pick up a book of Cantrips and begin reading...
 21378 | D:15     | Found a sacrificial altar of Ru.
 21678 | D:15     | Noticed Agnes
 21686 | D:15     | Killed Agnes
 21858 | D:15     | magus.rc [v1.9.6]
 22142 | Snake:1  | Entered Level 1 of the Snake Pit
 22146 | Snake:1  | Received a gift from Okawaru
 22155 | Snake:1  | Reached skill level 14 in Shields
 22158 | Snake:1  | Learned a level 2 spell: Wereblood
 22231 | Snake:1  | Reached skill level 1 in Transmutations
 22272 | Snake:1  | Reached skill level 2 in Transmutations
 22382 | Snake:1  | Reached skill level 3 in Transmutations
 22442 | Snake:1  | Found Hiffelap's Self-Published Books.
 22452 | Snake:1  | You pick up a book of Burglary and begin reading...
 22452 | Snake:1  | You add the spells Ensorcelled Hibernation and Swiftness to
                  | your library.
 22463 | Snake:1  | You fall into a shaft and drop 1 floor!
 22564 | Snake:2  | Reached skill level 4 in Transmutations
 22585 | Snake:2  | You pick up a book of Alchemy and begin reading...
 22585 | Snake:2  | You add the spells Petrify and Irradiate to your library.
 22600 | Snake:2  | Noticed Vashnia
 22622 | Snake:2  | Reached skill level 5 in Transmutations
 22651 | Snake:2  | Noticed a nagaraja
 22654 | Snake:2  | Killed Vashnia
 22654 | Snake:2  | Received a gift from Okawaru
 22655 | Snake:2  | Reached skill level 6 in Transmutations
 22655 | Snake:2  | Reached skill level 2 in Evocations
 22655 | Snake:2  | Reached XP level 16. HP: 126/151 MP: 20/26
 22731 | Snake:2  | Reached skill level 3 in Evocations
 22756 | Snake:2  | Found Meirhye's Antique Armour Emporium.
 22782 | Snake:2  | Reached skill level 4 in Evocations
 22807 | Snake:2  | Reached skill level 5 in Evocations
 22868 | Snake:2  | You add the spells Freeze, Frozen Ramparts and Ozocubu's
                  | Refrigeration to your library.
 22868 | Snake:2  | Got a parchment book
 22891 | Snake:2  | Noticed Frances
 22897 | Snake:2  | Killed Frances
 22924 | Snake:2  | Reached skill level 6 in Evocations
 23238 | Snake:2  | Found Jaelell's Firing Range.
 23565 | Snake:3  | Reached skill level 7 in Evocations
 23704 | Snake:3  | Reached skill level 8 in Evocations
 23934 | Snake:3  | You pick up a book of Geomancy and begin reading...
 24173 | Snake:3  | Received a gift from Okawaru
 24505 | Snake:4  | Entered Level 4 of the Snake Pit
 24626 | Snake:4  | Reached skill level 15 in Shields
 24834 | Snake:4  | Found Logutes's Antique Armour Shoppe.
 24874 | Snake:4  | Reached skill level 15 in Dodging
 24882 | Snake:4  | Received a gift from Okawaru
 25100 | Snake:4  | Reached XP level 17. HP: 142/158 MP: 24/27
 25135 | Snake:4  | You pick up a book of Callings and begin reading...
 25373 | Snake:4  | Received a gift from Okawaru
 25474 | Snake:4  | Reached skill level 16 in Shields
 25511 | Snake:4  | Got a serpentine rune of Zot
 25589 | Snake:4  | Found Orol Muv's Book Emporium.
 25697 | Snake:4  | Reached skill level 16 in Dodging
 25745 | Snake:4  | Received a gift from Okawaru
 26001 | Snake:4  | You pick up a book of Burglary and begin reading...
 26168 | Shoals:1 | Entered Level 1 of the Shoals
 26277 | Shoals:1 | Reached skill level 15 in Invocations
 26558 | Shoals:1 | You pick up a book of Touch and begin reading...
 26558 | Shoals:1 | You add the spells Kiss of Death and Dispel Undead to your
                  | library.
 26566 | Shoals:1 | Noticed Louise
 26594 | Shoals:1 | Killed Louise
 26627 | Shoals:1 | Found a transporter.
 26629 | Shoals:1 | Found a transporter.
 26636 | Shoals:1 | Noticed Yjinump's ghost (journeyman MfMo)
 26671 | Shoals:1 | Received a gift from Okawaru
 26699 | Shoals:1 | Killed Yjinump's ghost
 26700 | Shoals:1 | Reached skill level 17 in Fighting
 26709 | Shoals:1 | Identified the ring of Twilight {rElec Dex+6}
 26999 | Shoals:1 | Noticed a kraken
 27166 | Shoals:2 | Found a frozen archway.
 27178 | IceCv    | Entered an ice cave
 27247 | IceCv    | Identified the +4 hat of Objectivity {Will+ Int+3}
 27607 | IceCv    | Reached skill level 18 in Fighting
 27845 | Shoals:2 | Reached XP level 18. HP: 164/172 MP: 29/29
 28015 | Shoals:2 | Received a gift from Okawaru
 28658 | Shoals:3 | Reached skill level 19 in Fighting
 28891 | Shoals:3 | Noticed Ilsuiw
 28938 | Shoals:3 | Killed Ilsuiw
 29686 | Shoals:4 | Entered Level 4 of the Shoals
 29750 | Shoals:4 | Received a gift from Okawaru
 29823 | Shoals:4 | Identified the +6 shortbow of the Uplifting Seeker {drain,
                  | rPois Stlth+}
 29842 | Shoals:4 | Reached skill level 20 in Fighting
 30429 | Shoals:4 | You pick up a book of Storms and begin reading...
 30429 | Shoals:4 | You add the spells Static Discharge and Airstrike to your
                  | library.
 30671 | Shoals:4 | Reached skill level 17 in Dodging
 30784 | Shoals:4 | Got a barnacled rune of Zot
 30842 | Shoals:4 | Identified the +1 trident of Gallantry {flame, Dex+5}
 31449 | Vaults:1 | Entered Level 1 of the Vaults
 31600 | Vaults:1 | Found Ybaph's Antique Armour Emporium.
 31600 | Vaults:1 | Found a flickering gateway to a bazaar.
 31617 | Bazaar   | Entered a bazaar
 31631 | Bazaar   | Found Puac Jubunag's Distillery.
 31636 | Bazaar   | Bought a potion of mutation for 112 gold pieces
 31636 | Bazaar   | Bought a potion of mutation for 112 gold pieces
 31636 | Bazaar   | Bought a potion of haste for 140 gold pieces
 31647 | Bazaar   | Found Jasche Uxahyn's Magic Scroll Emporium.
 31647 | Bazaar   | Found Xiylif's Antique Weapon Shoppe.
 31651 | Bazaar   | Bought a scroll of teleportation for 54 gold pieces
 31669 | Bazaar   | Found Ivefar's Armour Shoppe.
 31686 | Bazaar   | Found Wipp's Antique Weapon Emporium.
 31769 | Vaults:1 | Found Myskak's General Store.
 31777 | Vaults:1 | Bought a scroll of teleportation for 57 gold pieces
 31809 | Vaults:1 | Found a magical portal.
 31814 | WizLab   | Entered The Roulette of Golubria
 31814 | WizLab   | Found a transporter.
 31817 | WizLab   | Found the +1 cloak of Starlight {*Dazzle EV+4 Stlth--}
 31817 | WizLab   | Found a corrupted altar of Lugonu.
 31847 | WizLab   | Found a transporter.
 31894 | WizLab   | Found a transporter.
 31924 | WizLab   | Found a transporter.
 31981 | WizLab   | Found a transporter.
 31981 | WizLab   | Found a transporter.
 31993 | WizLab   | Found a transporter.
 32057 | WizLab   | Found a corrupted altar of Lugonu.
 32061 | WizLab   | Found a transporter.
 32101 | WizLab   | Found a transporter.
 32301 | WizLab   | Found a transporter.
 32301 | WizLab   | Found a transporter.
 32347 | WizLab   | Found a transporter.
 32347 | WizLab   | Found a transporter.
 32373 | WizLab   | Found a transporter.
 32373 | WizLab   | Found a transporter.
 32408 | WizLab   | Found a transporter.
 32435 | WizLab   | Identified the +0 cloak "Muqauss" {Rampage}
 32675 | Vaults:1 | Found a transporter.
 32718 | Vaults:1 | Found a transporter.
 32897 | Vaults:1 | Reached XP level 19. HP: 172/185 MP: 2/30
 32905 | Vaults:1 | Reached skill level 18 in Dodging
 33112 | Vaults:1 | Identified the amulet "Enloubroame" {Drain rN+++ Will-
                  | Regen+ Slay+5}
 33136 | Vaults:1 | You pick up a book of Ice and begin reading...
 33141 | Vaults:1 | Identified the ring of Mehiddi {rPois rF+ rN+}
 33413 | Vaults:1 | Paralysed by a formless jellyfish for 1 turns
 33614 | Vaults:1 | Received a gift from Okawaru
 34121 | Vaults:1 | magus.rc [v1.9.6]
 34346 | Vaults:2 | Reached skill level 19 in Dodging
 34756 | Vaults:2 | Received a gift from Okawaru
 35216 | Vaults:2 | Found Syrojatz's Weapon Boutique.
 35398 | Vaults:2 | Found a staircase to the Crypt.
 35858 | Vaults:2 | Upgraded the game from 0.31-a0-876-gfe8ebadbca to
                  | 0.31-a0-879-g1609e0ac53
 35858 | Vaults:2 | magus.rc [v1.9.6]
 35893 | Vaults:3 | Reached skill level 20 in Dodging
 36040 | Vaults:3 | Received a gift from Okawaru
 36406 | Vaults:3 | Reached XP level 20. HP: 165/193 MP: 18/31
 36443 | Vaults:3 | Reached skill level 21 in Dodging
 36463 | Vaults:3 | Noticed Frederick
 36475 | Vaults:3 | Killed Frederick
 36628 | Vaults:3 | Found a huge runed gate.
 36628 | Vaults:3 | Found a huge runed gate.
 36628 | Vaults:3 | Found a huge runed gate.
 36628 | Vaults:3 | Found a huge runed gate.
 36628 | Vaults:3 | Found a huge runed gate.
 36628 | Vaults:3 | Found a huge runed gate.
 36628 | Vaults:3 | Found a huge runed gate.
 36628 | Vaults:3 | Found a huge runed gate.
 36630 | Vaults:3 | Found a huge runed gate.
 36630 | Vaults:3 | Found a huge runed gate.
 36630 | Vaults:3 | Found a huge runed gate.
 36631 | Vaults:3 | Found a huge runed gate.
 36632 | Vaults:3 | Found a huge runed gate.
 36632 | Vaults:3 | Found a huge runed gate.
 36649 | Vaults:3 | Found a huge runed gate.
 36649 | Vaults:3 | Found a huge runed gate.
 36649 | Vaults:3 | Found a huge runed gate.
 36649 | Vaults:3 | Found a huge runed gate.
 36649 | Vaults:3 | Found a huge runed gate.
 36649 | Vaults:3 | Found a huge runed gate.
 36650 | Vaults:3 | Found a huge runed gate.
 36651 | Vaults:3 | Found a huge runed gate.
 36652 | Vaults:3 | Found a huge runed gate.
 36660 | Vaults:3 | Found a huge runed gate.
 36660 | Vaults:3 | Found a huge runed gate.
 36660 | Vaults:3 | Found a huge runed gate.
 36660 | Vaults:3 | Found a huge runed gate.
 36660 | Vaults:3 | Found a huge runed gate.
 36660 | Vaults:3 | Found a huge runed gate.
 36661 | Vaults:3 | Found a huge runed gate.
 36662 | Vaults:3 | Found a huge runed gate.
 36663 | Vaults:3 | Found a huge runed gate.
 36671 | Vaults:3 | Found a huge runed gate.
 36671 | Vaults:3 | Found a huge runed gate.
 36671 | Vaults:3 | Found a huge runed gate.
 36671 | Vaults:3 | Found a huge runed gate.
 37646 | D:11     | You paid a toll of +4 fire dragon scales to enter a
                  | treasure trove
 37647 | Trove    | Identified Xighaym's Volume of Cold and Embers (Sif Muna
                  | gifted it to you in a treasure trove)
 37647 | Trove    | Identified Rutaez's Anthology of Sandy Composition (Sif
                  | Muna gifted it to you in a treasure trove)
 37647 | Trove    | Identified Busepsydu's Secrets of Bombardment (Sif Muna
                  | gifted it to you in a treasure trove)
 37647 | Trove    | Entered a treasure trove
 37655 | Trove    | You pick up a book of Flames and begin reading...
 37655 | Trove    | You add the spells Inner Flame, Sticky Flame and Flame Wave
                  | to your library.
 37658 | Trove    | You add the spells Shock, Mephitic Cloud and Iskenderun's
                  | Mystic Blast to your library.
 37673 | Trove    | You pick up a book of Chaos and begin reading...
 37673 | Trove    | You add the spells Conjure Ball Lightning, Disjunction and
                  | Discord to your library.
 37685 | Trove    | You pick up a book of Debilitation and begin reading...
 37694 | Trove    | You pick up a book of Callings and begin reading...
 37710 | Trove    | You add the spells Hailstorm, Ozocubu's Armour, Metabolic
                  | Englaciation and Fire Storm to your library.
 37928 | Vaults:3 | magus.rc [v1.9.6]
 38135 | Vaults:4 | Noticed Norris
 38164 | Vaults:4 | Killed Norris
 38242 | Vaults:4 | Reached skill level 22 in Dodging
 39145 | Vaults:4 | Found a runed translucent gate.
 39145 | Vaults:4 | Found a runed translucent gate.
 39145 | Vaults:4 | Found a runed translucent gate.
 39147 | Vaults:4 | Noticed Wuemn's ghost (adept MiFi)
 39155 | Vaults:4 | Paralysed by a Zot trap for 4 turns
 39310 | Vaults:4 | Received a gift from Okawaru
 39760 | Vaults:4 | Identified the +0 pair of boots of Wyilyxt {rElec rCorr
                  | Dex-2 SInv}
 40902 | Elf:1    | Entered Level 1 of the Elven Halls
 40913 | Elf:1    | Noticed Asterion
 40940 | Orc:2    | Killed Asterion
 41068 | Elf:1    | Reached skill level 21 in Fighting
 41223 | Elf:1    | Reached XP level 21. HP: 165/204 MP: 23/32
 41708 | Elf:1    | You pick up a book of Debilitation and begin reading...
 42169 | Elf:1    | Gained mutation: Your skin changes colour to match your
                  | surroundings (Stealth+). [potion of mutation]
 42169 | Elf:1    | Gained mutation: You have a beak for a mouth. [potion of
                  | mutation]
 42192 | Elf:2    | Found Erudeocu's Antique Armour Boutique.
 42516 | Elf:2    | Found a runed translucent gate.
 42517 | Elf:2    | Found a runed translucent gate.
 42517 | Elf:2    | Found a runed translucent gate.
 42520 | Elf:2    | Reached skill level 22 in Fighting
 42655 | Elf:2    | Noticed Zenata
 42696 | Elf:2    | Killed Zenata
 43023 | Elf:2    | Found Ymay's Book Boutique.
 43066 | Elf:2    | Bought a glowing scarf for 176 gold pieces
 43102 | Elf:2    | Found Ificat's Assorted Antiques.
 43116 | Elf:2    | Bought a potion of heal wounds for 130 gold pieces
 43116 | Elf:2    | Bought a scroll of teleportation for 78 gold pieces
 43148 | Elf:2    | Found Nojext's Antique Armour Shoppe.
 43271 | Elf:2    | Found Hainag's Vocational Training.
 43408 | Elf:2    | Found Ocsig's General Store.
 43542 | Elf:3    | Entered Level 3 of the Elven Halls
 43561 | Elf:3    | Reached skill level 17 in Shields
 43946 | Elf:3    | Received a gift from Okawaru
 44443 | Elf:3    | Reached skill level 18 in Shields
 44558 | Elf:3    | a deep elf death mage comes into view. It is wielding the
                  | +8 frozen axe "Frostbite" {freeze, freezing cloud, *Noise
                  | Fly rC+}.
 44640 | Elf:3    | You pick up a book of Iron and begin reading...
 44812 | Elf:3    | Identified the ring of Grontol {rC+ MP-9 EV+5 SInv}
 44882 | Elf:3    | Identified the +9 eveningstar "Qaept" {venom, rCorr}
 45062 | Elf:3    | You pick up a book of Geomancy and begin reading...
 45063 | Elf:3    | Identified the +5 mace of the Sky {flame, rElec}
 45067 | Elf:3    | Identified the +7 shortbow of the Gnat {freeze, Fly rC+++
                  | MP+9 Int-5}
 45068 | Elf:3    | Identified the staff "Hydrabane" {rElec rPois rCorr Str+3
                  | Air}
 45075 | Elf:3    | You add the spells Foxfire and Fireball to your library.
 45075 | Elf:3    | Got a torn book
 45084 | Elf:3    | Identified the +10 hand axe "Xibam" {elec, Str+7 Int+3
                  | Dex-2}
 45088 | Elf:3    | Identified the staff "Enathyes" {rF+ Conj}
 45094 | Elf:3    | Identified the +6 quarterstaff of Arbitration {elec, Fly
                  | rF++ Dex-2}
 45442 | Depths:1 | Entered Level 1 of the Depths
 45484 | Depths:1 | Received a gift from Okawaru
 45629 | Depths:1 | You pick up a book of Spectacle and begin reading...
 45629 | Depths:1 | You add the spells Volatile Blastmotes, Dazzling Flash and
                  | Starburst to your library.
 45935 | Orc:2    | Bought an amulet of reflection for 480 gold pieces
 46265 | Depths:1 | Found a gateway to Hell.
 46330 | Depths:1 | Reached skill level 19 in Shields
 46619 | Depths:1 | Noticed Saint Roka
 46647 | Depths:1 | Killed Saint Roka
 46653 | Depths:1 | Reached XP level 22. HP: 128/215 MP: 17/33
 46672 | Depths:1 | Found a one-way gate to the infinite horrors of the Abyss.
 47382 | Depths:2 | Reached skill level 20 in Shields
 48158 | Depths:2 | Found a one-way gate leading to the halls of Pandemonium.
 48181 | Depths:2 | magus.rc [v1.9.6]
 48274 | Depths:2 | Reached skill level 21 in Shields
 48575 | Depths:2 | Received a gift from Okawaru
 48627 | Depths:2 | Identified the +0 leather armour of Panentheism {Rampage
                  | +Blink Will- Str+6}
 49172 | Depths:2 | You pick up a book of Armaments and begin reading...
 49523 | Depths:3 | Reached skill level 22 in Shields
 49795 | Depths:3 | Found Tyfifet's Changing Room.
 49807 | Depths:3 | Bought a maw talisman for 560 gold pieces
 49823 | Depths:3 | Found a runed translucent door.
 49854 | Depths:3 | Reached skill level 1 in Shapeshifting
 50226 | Depths:3 | Found a broken altar of Ashenzari.
 50251 | Depths:3 | Reached skill level 2 in Shapeshifting
 50303 | Depths:3 | Reached skill level 3 in Shapeshifting
 50341 | Depths:3 | Found a one-way gateway to a ziggurat.
 50633 | Depths:3 | Reached skill level 4 in Shapeshifting
 50729 | Depths:3 | Reached XP level 23. HP: 223/223 MP: 25/34
 50752 | Depths:3 | Found a runed translucent door.
 50845 | Depths:3 | Received a gift from Okawaru
 50849 | Depths:3 | Reached skill level 5 in Shapeshifting
 50971 | Depths:3 | Reached skill level 6 in Shapeshifting
 51031 | Depths:3 | Found the +10 dark maul {heavy}
 51035 | Depths:3 | You add the spells Jinxbite and Silence to your library.
 51035 | Depths:3 | Got a gaudy book
 51036 | Depths:3 | Identified the scarf of Nucusuer {+Inv, Drain rF+++ Will+++
                  | Slay-5}
 51042 | Depths:3 | Identified the +8 chain mail of Gravity {Rampage Will++}
 51045 | Depths:3 | Got a weird book
 51970 | Depths:3 | +0 storm dragon scales {rare}; a +0 great sword {long}
 52032 | Depths:3 | +0 storm dragon scales {rare}; a +0 great sword {long}
 52136 | Depths:4 | Entered Level 4 of the Depths
 52155 | Depths:4 | Reached skill level 7 in Shapeshifting
 52398 | Depths:4 | Reached skill level 8 in Shapeshifting
 52457 | Depths:4 | Noticed Jory
 52477 | Depths:4 | Killed Jory
 52477 | Depths:4 | Received a gift from Okawaru
 52567 | Depths:4 | Noticed a caustic shrike
 52573 | Depths:4 | Noticed a caustic shrike
 52584 | Depths:4 | Killed a caustic shrike
 52585 | Depths:4 | Reached skill level 9 in Shapeshifting
 52590 | Depths:4 | Noticed a caustic shrike
 52599 | Depths:4 | Noticed a caustic shrike
 52601 | Depths:4 | Killed a caustic shrike
 52613 | Depths:4 | Killed a caustic shrike
 52631 | Depths:4 | Killed a caustic shrike
 52687 | Depths:4 | Found Ehuqeewk's Jewellery Shop.
 52687 | Depths:4 | Found Biusosih's Weapon Boutique.
 52688 | Depths:4 | Found Xytoeram's Assorted Antiques.
 52692 | Depths:4 | Found Hadebb's Armour Boutique.
 52726 | Depths:4 | Found a transporter.
 52747 | Depths:4 | Reached skill level 10 in Shapeshifting
 52763 | Depths:4 | Identified +0 gold dragon scales
 52774 | Depths:4 | +0 gold dragon scales {rare}; a golden dragon corpse
 52776 | Depths:4 | Found a gate to the Realm of Zot.
 52790 | Depths:4 | +0 gold dragon scales {rare}; a golden dragon corpse
 52929 | Depths:4 | Reached skill level 15 in Polearms
 53055 | Depths:4 | magus.rc [v1.9.6]
 53065 | Depths:4 | Noticed Mennas
 53111 | Depths:4 | Killed Mennas
 53207 | Depths:4 | Received a gift from Okawaru
 53284 | Depths:4 | Identified +0 gold dragon scales
 53299 | Depths:4 | +0 gold dragon scales {rare}; a +2 heavy hand axe {axe}; a
                  | red draconian corpse
 53320 | Depths:4 | +0 gold dragon scales {rare}; a +2 heavy hand axe {axe}; a
                  | red draconian corpse
 53514 | Depths:4 | Noticed Boris
 53524 | Depths:4 | Killed Boris
 53525 | Depths:4 | Reached skill level 16 in Polearms
 53848 | Vaults:4 | Killed Wuemn's ghost
 53863 | Vaults:5 | Entered Level 5 of the Vaults
 53880 | Vaults:5 | Identified +0 gold dragon scales
 53887 | Vaults:5 | Reached skill level 17 in Polearms
 53913 | Vaults:5 | Identified +0 gold dragon scales
 53931 | Vaults:5 | Received a gift from Okawaru
 53941 | Vaults:5 | Reached XP level 24. HP: 231/231 MP: 22/34
 54003 | Vaults:5 | a +1 great sword of flaming {long}; +0 gold dragon scales
                  | {rare}; +0 storm dragon scales {rare}
 54009 | Vaults:5 | Got a silver rune of Zot
 54010 | Vaults:5 | magus.rc [v1.9.6]
 54069 | Vaults:5 | Reached skill level 18 in Polearms
 54075 | Vaults:5 | Found Foefekko's Magic Scroll Emporium.
 54079 | Vaults:5 | Bought a scroll of revelation for 112 gold pieces
 54079 | Vaults:5 | Bought a scroll of revelation for 112 gold pieces
 54417 | Vaults:5 | Noticed a dread lich
 54443 | Vaults:5 | Killed a dread lich
 54483 | Vaults:5 | Reached skill level 19 in Polearms
 54547 | Vaults:5 | You pick up a book of the Hunter and begin reading...
 54665 | Vaults:5 | Noticed a dread lich
 54689 | Vaults:5 | Killed a dread lich
 54731 | Vaults:5 | Received a gift from Okawaru
 54737 | Vaults:5 | a +0 short sword {short}; a +0 leather armour; +0 shadow
                  | dragon scales {rare}
 54771 | Vaults:5 | Identified the +4 spear "Avaloem" {spect, +Blink rPois
                  | Will- Int+5}
 54849 | Vaults:5 | You pick up a book of Armaments and begin reading...
 54851 | Vaults:5 | You pick up a book of Blasting and begin reading...
 54860 | Vaults:5 | You pick up a book of Armaments and begin reading...
 54861 | Vaults:5 | Identified the staff "Zexodeh" {rC++ rN+ Str+6 Dex-2 Necro}
 54897 | Vaults:5 | You pick up a book of Weapons and begin reading...
 54901 | Vaults:5 | You add the spells Sting and Ignite Poison to your library.
 54901 | Vaults:5 | Got a shiny book
 54904 | Vaults:5 | Identified the +9 spear of Analysis {drain, rN+ Will+ Str+3
                  | Dex-2}
 54922 | Vaults:5 | You pick up a book of Weapons and begin reading...
 54925 | Vaults:5 | You pick up a book of Beasts and begin reading...
 55202 | Vaults:5 | Got an embossed book
 55503 | Vaults:5 | magus.rc [v1.9.6]
 55592 | Crypt:1  | Entered Level 1 of the Crypt
 55623 | Crypt:1  | You pick up a book of Weapons and begin reading...
 55686 | Crypt:1  | Reached skill level 20 in Polearms
 55793 | Crypt:1  | Noticed Boris
 55808 | Crypt:1  | Killed Boris
 55930 | Crypt:1  | Noticed a curse skull
 55936 | Crypt:1  | Killed a curse skull
 56236 | Crypt:2  | Noticed Vv
 56605 | Zot:1    | Entered Level 1 of the Realm of Zot
 56706 | Zot:2    | Received a gift from Okawaru
 56716 | Zot:2    | Reached skill level 21 in Polearms
 56771 | Zot:2    | Noticed Grunn
 56790 | Zot:2    | Killed Grunn
 56813 | Zot:2    | Found the +4 dragonskin cloak
 56813 | Zot:2    | Tiamat, Avatar of the Dragonlord comes into view. She is
                  | wielding a +0 glaive of protection and wearing the +4
                  | dragonskin cloak.
 56813 | Zot:2    | Noticed Tiamat
 56918 | Zot:2    | Killed Tiamat
 56998 | Zot:3    | Identified +0 gold dragon scales
 56999 | Zot:3    | Reached skill level 22 in Polearms
 56999 | Zot:3    | Reached XP level 25. HP: 234/238 MP: 25/34
 57035 | Zot:3    | +0 storm dragon scales {rare}; a +0 short sword {short}
 57053 | Zot:4    | Noticed an orb of fire
 57056 | Zot:4    | Gained mutation: You occasionally lose the ability to drink
                  | potions when taking damage. [an orb of fire]
 57071 | Zot:4    | Killed an orb of fire
 57085 | Zot:3    | Lost mutation: Your skin changes colour to match your
                  | surroundings (Stealth+). [potion of mutation]
 57085 | Zot:3    | Lost mutation: You occasionally lose the ability to drink
                  | potions when taking damage. [potion of mutation]
 57085 | Zot:3    | Lost mutation: You have a beak for a mouth. [potion of
                  | mutation]
 57085 | Zot:3    | Gained mutation: You have an increased reservoir of magic.
                  | (+10% MP) [potion of mutation]
 57134 | Zot:4    | Found a huge runed gate.
 57134 | Zot:4    | Found a huge runed gate.
 57134 | Zot:4    | Found a huge runed gate.
 57137 | Zot:5    | Entered Level 5 of the Realm of Zot
 57144 | Zot:5    | Noticed a Killer Klown
 57168 | Zot:5    | Killed a Killer Klown
 57197 | Zot:5    | Identified +0 gold dragon scales
 57460 | Zot:5    | Reached skill level 23 in Polearms
 57478 | Zot:5    | Noticed an ancient lich
 57492 | Zot:5    | Noticed an orb of fire
 57495 | Zot:5    | Killed an ancient lich
 57500 | Zot:5    | Identified +0 gold dragon scales
 57502 | Zot:5    | Noticed a Killer Klown
 57508 | Zot:5    | Noticed a Killer Klown
 57509 | Zot:5    | Noticed a dread lich
 57511 | Zot:5    | Noticed a Killer Klown
 57518 | Zot:5    | Gained mutation: You are vulnerable to heat. (rF-) [an orb
                  | of fire]
 57520 | Zot:5    | Killed an orb of fire
 57521 | Zot:5    | Reached skill level 11 in Shapeshifting
 57530 | Zot:5    | Killed a Killer Klown
 57538 | Zot:5    | Noticed a Killer Klown
 57539 | Zot:5    | Noticed a Killer Klown
 57546 | Zot:5    | Noticed a Killer Klown
 57549 | Zot:5    | Killed a Killer Klown
 57554 | Zot:5    | Killed a dread lich
 57555 | Zot:5    | Reached skill level 12 in Shapeshifting
 57557 | Zot:5    | Noticed an orb of fire
 57566 | Zot:5    | Noticed a Killer Klown
 57569 | Zot:5    | Killed a Killer Klown
 57576 | Zot:5    | Killed an orb of fire
 57576 | Zot:5    | Received a gift from Okawaru
 57579 | Zot:5    | Killed a Killer Klown
 57584 | Zot:5    | Killed a Killer Klown
 57590 | Zot:5    | Killed a Killer Klown
 57599 | Zot:5    | Reached skill level 13 in Shapeshifting
 57600 | Zot:5    | Noticed a Killer Klown
 57601 | Zot:5    | Noticed a Killer Klown
 57605 | Zot:5    | Killed a Killer Klown
 57623 | Zot:5    | Killed a Killer Klown
 57633 | Zot:5    | Killed a Killer Klown
 57665 | Zot:5    | Noticed an electric golem
 57676 | Zot:5    | Noticed an electric golem
 57687 | Zot:5    | Killed an electric golem
 57711 | Zot:5    | Received a gift from Okawaru
 57717 | Zot:5    | Reached skill level 14 in Shapeshifting
 57757 | Zot:5    | Got the Orb of Zot
 57790 | Zot:5    | Noticed a seraph
 57797 | Zot:5    | Noticed a Killer Klown
 57800 | Zot:5    | Noticed a Killer Klown
 57843 | Zot:4    | +0 shadow dragon scales {rare}; a +0 war axe {axe}; a green
                  | draconian skeleton
 57863 | Zot:3    | +0 storm dragon scales {rare}; a +0 short sword {short}
 58074 | D:15     | Noticed Vamonom the pandemonium lord
 58085 | D:15     | Gained mutation: You are clumsy. (Dex -2) [a neqoxec]
 58088 | D:15     | Killed Vamonom the pandemonium lord
 58415 | D:$      | Escaped with the Orb!

Vanquished Creatures
  Tiamat (Zot:2)
  3 orbs of fire
  3 dread liches
  An ancient lich (Zot:5)
  Mennas (Depths:4)
  A pandemonium lord (D:15)
  Boris (twice) (Depths:4 Crypt:1)
  Frederick (Vaults:3)
  Vashnia (Snake:2)
  Saint Roka (Depths:1)
  10 Killer Klowns (Zot:5)
  4 caustic shrikes (Depths:4)
  The ghost of Wuemn the Axe Maniac, an adept MiFi of Makhleb (Vaults:4)
  Jory (Depths:4)
  Norris (Vaults:4)
  3 doom hounds (Zot:2)
  A Brimstone Fiend (D:6)
  8 golden dragons
  2 hellephants (Vaults:3)
  A Tzitzimitl (Zot:5)
  Jorgrun (D:12)
  10 tentacled monstrosities
  Zenata (Elf:2)
  An electric golem (Zot:5)
  22 Orb Guardians (Zot:5)
  A walking crystal tome (Depths:3)
  Grunn (Zot:2)
  A walking frostbound tome (Depths:3)
  9 titans (Vaults:5)
  7 liches
  A walking earthen tome (Depths:3)
  6 quicksilver dragons
  Asterion (Orc:2)
  2 deep elf blademasters (Elf:3)
  A walking divine tome (Depths:3)
  A tentacled starspawn (WizLab)
  2 deep elf master archers (Elf:3)
  2 death cobs
  5 sphinxes
  Agnes (D:15)
  3 ancient champions (Crypt:1)
  Frances (Snake:2)
  12 storm dragons
  6 shadow dragons
  6 tengu reavers
  5 draconian monks
  12 fire giants
  4 nagarajas
  A draconian knight (Zot:2)
  11 deep elf sorcerers
  Ilsuiw (Shoals:3)
  A deep elf elementalist (Elf:3)
  The ghost of Yjinump the Fencer, a journeyman MfMo of Uskayaw (Shoals:1)
  Louise (Shoals:1)
  13 frost giants
  2 draconian scorchers
  19 vault wardens
  3 draconian stormcallers
  2 iron dragons
  13 ironbound preservers
  4 draconian shifters
  2 balrugs
  26 very ugly things
  6 orc warlords
  2 war gargoyles (Vaults:5)
  A spriggan defender (Depths:3)
  2 draconian annihilators
  6 formless jellyfish
  13 stone giants
  6 vampire knights
  11 green draconians
  10 ironbound thunderhulks
  6 deep elf demonologists
  10 black draconians
  A minotaur (Lair:2)
  5 dire elephants
  Azrael (D:12)
  9 yellow draconians
  5 deep elf annihilators
  7 red draconians
  A spark wasp (shapeshifter) (Vaults:5)
  5 white draconians
  8 purple draconians
  8 spark wasps
  5 merfolk javelineers
  14 ettins
  2 blizzard demons (IceCv)
  9 deep elf death magi
  13 yaktaur captains
  8 great orbs of eyes
  A spectral kraken (Shoals:1)
  9 fire dragons
  A great orb of eyes (shapeshifter) (Vaults:1)
  2 jiangshi (Depths:3)
  4 deep elf high priests
  8 merfolk impalers
  A hydra (Lair:5)
  11 ice dragons
  The ghost of Miraos the Skirmisher, a journeyman TeHu of Elyvilon (Lair:1)
  Harold (D:9)
  5 rakshasas
  4 salamander tyrants (Snake:4)
  A catoblepas (Lair:5)
  35 vault guards
  2 spriggan air magi
  11 anacondas
  10 ironbound frosthearts
  3 centaur warriors
  8 merfolk aquamancers
  4 merfolk avatars
  A death knight (Crypt:1)
  An alligator snapping turtle (shapeshifter) (Vaults:1)
  5 two-headed ogres
  29 dancing weapons
  An alligator snapping turtle (Shoals:4)
  2 satyrs (Shoals:2)
  7 tengu warriors
  8 deep troll earth magi
  3 deep troll shamans
  3 boulder beetles
  6 death yaks (Lair:5)
  4 vampire magi
  A thrashing horror (WizLab)
  20 naga warriors
  9 shock serpents
  6 spriggan berserkers
  9 orc high priests
  17 naga sharpshooters
  A soul eater (Crypt:1)
  20 deep elf knights
  5 skysharks
  A large abomination (D:15)
  2 sun demons (Depths:2)
  23 hell knights
  A titan skeleton (Crypt:1)
  7 salamander mystics
  10 skeletal warriors
  5 iron trolls
  41 deep trolls
  A shadow demon (D:2)
  4 glowing orange brains
  15 sea snakes
  2 spark wasp zombies
  3 obsidian statues
  A bog body (IceCv)
  7 naga ritualists
  6 spriggan simulacra (IceCv)
  12 ironbound convokers
  A tengu zombie (Vaults:3)
  13 deep elf archers
  12 orc knights
  12 wizards
  8 mana vipers
  7 phantasmal warriors
  9 lindwurms
  22 deep elf pyromancers
  A mana viper (shapeshifter) (Vaults:5)
  15 fauns
  30 deep elf zephyrmancers
  21 harpies
  8 necromancers
  62 ugly things
  An orc sorcerer (Depths:1)
  A wolf spider (D:15)
  4 cyclopes
  2 shadow dragon skeletons
  18 salamanders
  An iron dragon zombie (Depths:3)
  15 merfolk sirens
  14 manticores
  A human zombie (Vaults:4)
  A guardian serpent (shapeshifter) (Elf:3)
  An iron dragon skeleton (Vaults:4)
  A fire giant zombie (Depths:3)
  A rust devil (D:2)
  8 elephants
  2 stone giant skeletons (Vaults:4)
  12 moths of wrath
  A worldbinder (WizLab)
  Joseph (D:8)
  5 guardian serpents
  15 vault sentinels
  6 torpor snails (Lair:5)
  33 black mambas
  A fire giant skeleton (D:15)
  14 naga magi
  A gargoyle (D:11)
  5 water nymphs
  2 spectral sea snakes (Shoals:1)
  16 cane toads
  2 efreet
  3 rime drakes
  44 yaktaurs
  Psyche (D:12)
  2 elf skeletons
  4 kobold demonologists
  A golden dragon simulacrum (IceCv)
  7 freezing wraiths
  5 ice devils (IceCv)
  12 komodo dragons
  A guardian mummy (D:15)
  2 ancient zymes (WizLab)
  2 tengu conjurers
  A troll (shapeshifter) (Elf:3)
  6 trolls
  2 anaconda simulacra (IceCv)
  27 merfolk
  5 wind drakes
  A death drake skeleton (Crypt:1)
  4 tyrant leeches (Lair:5)
  11 polar bears
  A hornet (shapeshifter) (D:13)
  Prince Ribbit (D:7)
  2 alligator simulacra (IceCv)
  10 hornets
  7 snapping turtles
  3 dream sheep (Lair:5)
  A harpy skeleton (Crypt:1)
  2 tarantellas (shapeshifter)
  A culicivora zombie (Crypt:1)
  22 blink frogs
  3 spriggan zombies
  4 raiju
  6 slime creatures
  A slime creature (shapeshifter) (Vaults:5)
  A shadow (D:12)
  A centaur simulacrum (D:14)
  A human simulacrum (Vaults:4)
  4 wraiths
  A ynoxinul (WizLab)
  2 air elementals
  2 spriggans (Depths:4)
  4 wyverns
  A dire elephant simulacrum (IceCv)
  11 water elementals
  2 vampires (D:11)
  8 fire elementals
  2 steam dragons
  48 yaks
  A redback (shapeshifter) (Elf:3)
  13 vampire mosquitoes
  2 basilisks
  12 minotaur simulacra (IceCv)
  3 harpy simulacra (IceCv)
  A neqoxec (D:15)
  2 spatial vortices (WizLab)
  7 wargs
  34 nagas
  18 water moccasins
  A glowing shapeshifter zombie (Vaults:4)
  An acid dragon (D:12)
  A spectral snapping turtle (Shoals:1)
  2 ogre skeletons (Vaults:4)
  15 hell hounds
  A hydra simulacrum (IceCv)
  A water nymph skeleton (Crypt:1)
  51 orc warriors
  A sky beast (shapeshifter) (Vaults:5)
  12 black bears
  A snapping turtle zombie (Crypt:1)
  7 ogres
  An ettin simulacrum (IceCv)
  8 boggarts
  12 centaurs
  18 wolves
  8 kobold brigands
  5 deep troll simulacra (IceCv)
  An earth elemental (Elf:1)
  12 bullfrogs
  4 human skeletons
  4 scorpions
  12 wights
  A small abomination (WizLab)
  9 killer bees
  A lindwurm simulacrum (IceCv)
  5 howler monkeys
  An electric eel (D:13)
  A crimson imp (WizLab)
  A jelly (shapeshifter) (Vaults:4)
  5 jellies (Lair:5)
  31 orc priests
  3 bullfrog skeletons (D:7)
  3 gnoll boudas
  5 iguanas (D:7)
  Natasha (twice) (D:2)
  28 orc wizards
  2 scorpion zombies (D:7)
  A killer bee zombie (D:7)
  A boggart simulacrum (D:15)
  A mummy (Ossuary)
  17 gnolls
  3 howler monkey skeletons (D:7)
  8 adders
  2 ufetubi
  2 worms
  A dart slug (D:2)
  88 orcs
  6 ball pythons
  6 bats
  8 endoplasms
  3 giant cockroaches
  7 goblins
  9 hobgoblins
  3 jackals (D:3)
  6 quokkas
  3 training dummies (Snake:2)
  5 frilled lizards
  13 gnoll skeletons (Ossuary)
  2 goblin zombies (Crypt:1)
  28 kobolds
  2 kobold skeletons (Ossuary)
  10 orc skeletons (Ossuary)
  2 rats
  A spectral weapon (Elf:1)
  2 starspawn tentacles (WizLab)
  A tentacle (Shoals:1)
2177 creatures vanquished.

Vanquished Creatures (others)
  A draconian monk (Zot:5)
  A curse skull (Crypt:1)
  A green draconian (Zot:4)
  A rakshasa (Depths:1)
  An ice dragon (Depths:4)
  A deep elf knight (Elf:3)
  2 deep elf zephyrmancers
  2 moths of wrath (Zot:4)
  A black mamba (Snake:3)
  A water elemental (D:13)
  An ogre (Depths:1)
  2 starspawn tentacles (WizLab)
  24 tentacles (Shoals:1)
39 creatures vanquished.

Grand Total: 2216 creatures vanquished

Table legend:
 A = Non-vault XP
 B = Vault XP
 C = Vault XP percentage of total XP
 D = Non-vault monster count
 E = Vault monster count
 F = Vault count percentage of total count
                 A         B        C        D         E       F
            +---------+---------+-------+---------+---------+-------
      Total |  641079 |  656986 |  50.6 |    1281 |     895 |  41.1
            +---------+---------+-------+---------+---------+-------
        D:1 |      34 |       0 |   0.0 |      18 |       0 |   0.0
        D:2 |      80 |      35 |  30.4 |      19 |       1 |   5.0
        D:3 |      33 |       0 |   0.0 |      17 |       0 |   0.0
        D:4 |     341 |       0 |   0.0 |      15 |       0 |   0.0
        D:5 |     347 |      21 |   5.7 |      12 |       2 |  14.3
        D:6 |     576 |       0 |   0.0 |      14 |       0 |   0.0
        D:7 |    1136 |    1256 |  52.5 |      19 |      22 |  53.7
        D:8 |     916 |     450 |  32.9 |      18 |       1 |   5.3
        D:9 |    2891 |    1006 |  25.8 |      47 |       2 |   4.1
       D:10 |    1850 |    1931 |  51.1 |      15 |       6 |  28.6
       D:11 |    3956 |       0 |   0.0 |      31 |       0 |   0.0
       D:12 |    6766 |    4195 |  38.3 |      20 |       8 |  28.6
       D:13 |    2714 |    6450 |  70.4 |      12 |      12 |  50.0
       D:14 |    7442 |       0 |   0.0 |      18 |       0 |   0.0
       D:15 |    5352 |    6302 |  54.1 |      18 |      13 |  41.9
     Lair:1 |    5876 |     877 |  13.0 |      27 |       1 |   3.6
     Lair:2 |    6146 |    1360 |  18.1 |      25 |       4 |  13.8
     Lair:3 |    6549 |    2118 |  24.4 |      24 |      10 |  29.4
     Lair:4 |    2552 |    1528 |  37.5 |      13 |       4 |  23.5
     Lair:5 |   17057 |   17097 |  50.1 |      43 |      79 |  64.8
   Shoals:1 |   13218 |    6441 |  32.8 |      25 |      11 |  30.6
   Shoals:2 |   19690 |     881 |   4.3 |      36 |       1 |   2.7
   Shoals:3 |    7199 |    5364 |  42.7 |      18 |       8 |  30.8
   Shoals:4 |   18586 |   17465 |  48.4 |      34 |      29 |  46.0
    Snake:1 |    5046 |       0 |   0.0 |      11 |       0 |   0.0
    Snake:2 |   21468 |    7587 |  26.1 |      39 |       9 |  18.8
    Snake:3 |   18401 |   11902 |  39.3 |      37 |      20 |  35.1
    Snake:4 |   17873 |   29362 |  62.2 |      37 |      42 |  53.2
      Orc:1 |    2847 |       0 |   0.0 |      39 |       0 |   0.0
      Orc:2 |    5569 |   11533 |  67.4 |      46 |      59 |  56.2
      Elf:1 |   16366 |    7766 |  32.2 |      27 |      13 |  32.5
      Elf:2 |   11489 |   24002 |  67.6 |      16 |      32 |  66.7
      Elf:3 |   26893 |   27247 |  50.3 |      46 |      24 |  34.3
   Vaults:1 |   14919 |   31047 |  67.5 |      22 |      39 |  63.9
   Vaults:2 |   21502 |   13253 |  38.1 |      26 |      19 |  42.2
   Vaults:3 |   40636 |   34341 |  45.8 |      59 |      35 |  37.2
   Vaults:4 |   30881 |   29877 |  49.2 |      47 |      38 |  44.7
   Vaults:5 |   12051 |  104652 |  89.7 |      15 |      87 |  85.3
    Crypt:1 |   21274 |    2300 |   9.8 |      28 |       3 |   9.7
   Depths:1 |   18498 |   11761 |  38.9 |      22 |      24 |  52.2
   Depths:2 |   49403 |   26621 |  35.0 |      63 |      30 |  32.3
   Depths:3 |   39144 |   29498 |  43.0 |      42 |      27 |  39.1
   Depths:4 |   50109 |   29308 |  36.9 |      46 |      19 |  29.2
      Zot:1 |    4152 |    1200 |  22.4 |       3 |       1 |  25.0
      Zot:2 |   25490 |   27210 |  51.6 |      21 |      19 |  47.5
      Zot:3 |    1008 |    6461 |  86.5 |       1 |       5 |  83.3
      Zot:4 |    4417 |    4755 |  51.8 |       6 |       1 |  14.3
      Zot:5 |   50336 |   86063 |  63.1 |      44 |      37 |  45.7
    Ossuary |       0 |     263 | 100.0 |       0 |      27 | 100.0
      IceCv |       0 |   15214 | 100.0 |       0 |      47 | 100.0
     WizLab |       0 |    8986 | 100.0 |       0 |      24 | 100.0
            +---------+---------+-------+---------+---------+-------

Skill      XL: |  1  2  3  4  5  6  7  8  9 10 11 12 13 14 15 16 17 18 19 20 21 22 23 24 25 |
---------------+----------------------------------------------------------------------------+-----
Polearms       | 3 4 5 6 7 9 11 13 14 17 22 23 | 23.1
Fighting       | 6 11 12 14 16 18 20 21 22 | 22.0
Dodging        | 8 11 12 13 14 15 16 17 20 22 | 22.7
Shields        | 7 11 12 14 15 16 19 22 | 22.0
Invocations    | 6 10 14 15 | 15.1
Transmutations | 6 |  6.0
Evocations     | 2 8 |  8.0
Shapeshifting  | 4 10 14 | 14.8

Action                     |  1- 3 |  4- 6 |  7- 9 | 10-12 | 13-15 | 16-18 | 19-21 | 22-24 | 25-27 || total
---------------------------+-------+-------+-------+-------+-------+-------+-------+-------+-------++-------
  Melee: Trident           |   105 |    98 |       |       |       |       |       |       |       ||   203
         Tailslap          |     2 |    12 |    42 |    91 |   190 |   244 |   430 |   562 |   123 ||  1696
         Spear             |       |    31 |   316 |   406 |       |       |       |       |       ||   753
         Demon trident     |       |       |       |   223 |  1450 |  1810 |  2048 |  2456 |   530 ||  8517
         Peck              |       |       |       |       |       |       |   156 |   766 |    20 ||   942
         Maw               |       |       |       |       |       |       |       |   410 |   193 ||   603
  Throw: Dart              |       |     3 |       |       |       |       |       |       |       ||     3
   Cast: Wereblood         |       |       |       |       |     1 |    37 |    40 |    34 |     5 ||   117
 Invoke: Heroism           |       |       |       |     5 |    22 |    18 |    29 |    20 |     5 ||    99
         Receive Weapon    |       |       |       |     1 |       |       |       |       |       ||     1
         Receive Armour    |       |       |       |     1 |       |       |       |       |       ||     1
         Finesse           |       |       |       |       |    12 |    10 |     5 |     8 |     3 ||    38
Ability: Breathe Noxious F |       |       |    17 |    26 |    12 |       |       |     1 |       ||    56
         Evoke Blink       |       |       |       |       |       |     3 |       |       |       ||     3
  Evoke: Wand              |       |     8 |       |     1 |     3 |     1 |     7 |       |     1 ||    21
         Condenser vane    |       |       |       |       |       |       |     2 |     1 |     1 ||     4
         Lightning rod     |       |       |       |       |       |       |     4 |       |       ||     4
    Use: Potion            |     1 |     1 |       |     1 |       |     2 |     2 |       |    10 ||    17
         Scroll            |       |     9 |     3 |    17 |    12 |     7 |    11 |    11 |     2 ||    72
   Stab: Sleeping          |     2 |     4 |     6 |       |     9 |     3 |       |     7 |     1 ||    32
         Distracted        |     1 |     1 |       |       |       |     3 |       |     2 |       ||     7
         Confused          |       |       |    17 |    35 |    18 |       |     2 |     2 |       ||    74
         Paralysed         |       |       |       |       |     3 |       |       |       |       ||     3
         Petrified         |       |       |       |       |     2 |       |       |       |       ||     2
         Invisible         |       |       |       |       |       |       |    32 |    11 |    30 ||    73
 Armour: Skin              |    32 |    80 |   103 |   249 |   318 |   390 |   423 |   247 |    69 ||  1911
  Dodge: Dodged            |    37 |    57 |    96 |   242 |   522 |   718 |  1070 |   662 |   131 ||  3535
  Block: Buckler           |    20 |    34 |    40 |    80 |       |       |       |       |       ||   174
         Kite shield       |       |       |       |    25 |   601 |   801 |   843 |       |       ||  2270
         Tower shield      |       |       |       |       |       |    10 |    92 |  1628 |   289 ||  2019
         Reflection        |       |       |       |       |       |       |     5 |    15 |       ||    20
   Form: Maw               |       |       |       |       |       |       |       |     1 |       ||     1

Illustrated notes

Table legend:
 A = Kills in this place as a percentage of kills in the entire game.
 B = Kills by you in this place as a percentage of kills by you in the entire game.
 C = Kills by friends in this place as a percentage of kills by friends in the entire game.
 D = Other kills in this place as a percentage of other kills in the entire game.
 E = Experience gained in this place as a percentage of experience gained in the entire game.
 F = Experience gained in this place divided by the number of levels of this place that you have seen.
                   A       B       C       D       E      F
               +-------+-------+-------+-------+-------+----------------------
         Total | 100.0 | 100.0 |   N/A | 100.0 | 100.0 | 24255.2
       Dungeon |  16.8 |  16.4 |   N/A |  38.9 |   5.0 | 4391.3
          Lair |  10.5 |  10.4 |   N/A |  19.4 |   4.7 | 12232.0
        Shoals |   7.4 |   7.5 |   N/A |   0.0 |   6.8 | 22211.0
     Snake Pit |   8.9 |   9.0 |   N/A |   2.8 |   8.5 | 27909.8
  Orcish Mines |   6.6 |   6.6 |   N/A |   8.3 |   1.5 | 9974.5
   Elven Halls |   7.2 |   7.3 |   N/A |   5.6 |   8.7 | 37921.0
        Vaults |  17.7 |  18.0 |   N/A |   2.8 |  25.4 | 66631.8
         Crypt |   1.4 |   1.4 |   N/A |   2.8 |   1.8 | 11787.0
        Depths |  12.5 |  12.6 |   N/A |   8.3 |  19.4 | 63585.5
           Zot |   6.4 |   6.3 |   N/A |  11.1 |  16.3 | 42603.6
       Ossuary |   1.2 |   1.3 |   N/A |   0.0 |   0.0 | 263.0
      Ice Cave |   2.2 |   2.2 |   N/A |   0.0 |   1.2 | 15214.0
        Wizlab |   1.1 |   1.1 |   N/A |   0.0 |   0.7 | 8986.0
               +-------+-------+-------+-------+-------+----------------------

Table legend: (Time is in decaauts)
 A = Elapsed time spent in this place.
 B = Non-inter-level travel time spent in this place.
 C = Inter-level travel time spent in this place.
 D = Time resting spent in this place.
 E = Time spent auto-exploring this place.
 F = Levels seen in this place.
 G = Mean time per level.
                   A        B        C        D        E       F      G
               +--------+--------+--------+--------+--------+-----+--------+
         Total |  54743 |  48604 |   6139 |   3994 |  32969 |  54 | 1013.8 |
       Dungeon |  15015 |  12178 |   2837 |    640 |   9174 |  15 | 1001.0 |
          Lair |   6424 |   5843 |    581 |    246 |   4459 |   5 | 1284.8 |
        Shoals |   4135 |   3988 |    147 |    249 |   2863 |   4 | 1033.8 |
     Snake Pit |   3629 |   3491 |    138 |    299 |   2235 |   4 |  907.2 |
  Orcish Mines |   2339 |   1813 |    526 |    353 |   1010 |   2 | 1169.5 |
   Elven Halls |   3973 |   3801 |    172 |    619 |   2204 |   3 | 1324.3 |
        Vaults |   9401 |   8661 |    740 |    886 |   5821 |   5 | 1880.2 |
         Crypt |    683 |    595 |     88 |     72 |    376 |   2 |  341.5 |
        Depths |   6764 |   5877 |    887 |    575 |   3875 |   4 | 1691.0 |
           Zot |    844 |    826 |     18 |     16 |    155 |   5 |  168.8 |
        Bazaar |     91 |     91 |      0 |      0 |      0 |   1 |   91.0 |
         Trove |     73 |     73 |      0 |      0 |     52 |   1 |   73.0 |
       Ossuary |    206 |    206 |      0 |      0 |    108 |   1 |  206.0 |
      Ice Cave |    540 |    540 |      0 |     37 |    260 |   1 |  540.0 |
        Wizlab |    620 |    620 |      0 |      0 |    376 |   1 |  620.0 |
               +--------+--------+--------+--------+--------+-----+--------+

Top non-repeatable levels by time:
Vaults:3: 2122 daAuts
Depths:3: 2085 daAuts
Vaults:1: 2062 daAuts
Vaults:4: 1979 daAuts
Depths:2: 1951 daAuts
  Lair:2: 1812 daAuts
Vaults:2: 1784 daAuts
   Orc:2: 1779 daAuts
  Lair:5: 1681 daAuts
    D:12: 1571 daAuts
   Elf:3: 1507 daAuts
Vaults:5: 1451 daAuts
 Snake:4: 1429 daAuts
Depths:1: 1416 daAuts
    D:15: 1367 daAuts
